AoeStats
← Corsican Pirate

Nomad

507866516Analyzed
4v4 RM · 13d ago on Sep 20, 2026· 65m 6s· 8 players
Game mode
Random Map
Map size
231×231
Population
200
Speed
Normal
Resources
Standard
Victory
Conquest
Starting age
Dark Age
Ending age
Imperial Age
RankedLock teamsTeams togetherTeam positionsShared explorationLock speedFull tech treeHidden civsTurbo modeCheats
Victory
Defeat
🇲🇽 Dravidians · Mexico
1293
+15
🇲🇽 Mapuche · Mexico
1273
+16
🇦🇷 Japanese · Argentina
1260
+16
🇲🇽 Koreans · Mexico
1248
+17
🇦🇷 Goths · Argentina
1298
-18
🇺🇸 Tupi · United States
1278
-16
🇺🇸 Mapuche · United States
1278
-16
🇦🇷 Italians · Argentina
1218
-14
__18_Kirito_Arg
4:50 Loom
12:44 Feudal Age
16:23 Castle Age
16:51 Town Watch
22:02 Double-Bit Axe
22:34 Horse Collar
24:49 Fishing Lines
35:28 Wheelbarrow
36:01 Bow Saw
36:12 Gold Mining
37:07 Wheelbarrow
36:53 Bow Saw
39:08 Gillnets
42:34 Imperial Age
40:34 Scale Mail Armor
40:44 Forging
41:41 Chain Mail Armor
42:09 Ballistics
42:36 Stone Mining
43:22 Gold Shaft Mining
43:41 Iron Casting
43:23 Masonry
42:53 Treadmill Crane
44:13 Conscription
43:59 Yasama
43:35 Pikeman
44:07 Fletching
45:22 Chemistry
45:29 Two-Man Saw
44:47 Guard Tower
44:45 Pikeman
45:36 Bodkin Arrow
46:19 Halberdier
47:00 Squires
47:50 Hand Cart
47:53 Guard Tower
49:05 Chemistry
48:06 Bracer
48:38 Plate Mail Armor
48:09 Heavy Plow
48:16 Arson
49:34 Blast Furnace
50:44 Kataparuto
50:10 Man-at-Arms
50:36 Gambesons
51:11 Long Swordsman
51:55 Two-Handed Swordsman
52:37 Champion
59:15 Town Patrol
61:02 Keep
61:11 Siege Engineers
61:05 Murder Holes
Glamdring
4:29 Loom
14:24 Feudal Age
14:35 Feudal Age
15:24 Double-Bit Axe
18:34 Castle Age
17:11 Gold Mining
18:46 Fletching
18:58 Padded Archer Armor
19:50 Bow Saw
20:00 Bodkin Arrow
22:37 Ballistics
24:06 Leather Archer Armor
45:40 Imperial Age
43:51 Wheelbarrow
47:30 Scale Mail Armor
47:40 Forging
47:18 Champi Runner
48:28 Chain Mail Armor
48:01 Champi Warrior
49:36 Iron Casting
49:25 Conscription
49:19 Elite Champi Warrior
55:31 Arson
59:27 Plate Mail Armor
60:37 Blast Furnace
59:45 Horse Collar
61:04 Heavy Plow
Corsican Pirate
2:52 Loom
13:48 Feudal Age
15:09 Double-Bit Axe
16:48 Fishing Lines
17:34 Forging
22:28 Castle Age
27:33 Iron Casting
30:55 Bow Saw
32:26 Wheelbarrow
33:57 Gillnets
37:23 Wheelbarrow
38:08 Town Watch
38:28 Horse Collar
40:16 Hand Cart
40:37 Heavy Plow
43:19 Medium Warships
48:48 Imperial Age
48:18 Scale Mail Armor
48:09 Fletching
48:41 Ballistics
48:35 Squires
47:56 Pikeman
49:21 Arson
49:53 Chain Mail Armor
49:19 Capped Ram
51:04 Bodkin Arrow
51:27 Thumb Ring
50:44 Elite Skirmisher
51:52 Siege Engineers
51:59 Town Patrol
52:35 Plate Mail Armor
54:30 Halberdier
54:33 Elite Fire Lancer
59:37 Two-Man Saw
59:06 Bracer
59:19 Masonry
59:05 Murder Holes
58:51 Treadmill Crane
61:25 Chemistry
61:38 Guilds
62:38 Architecture
62:00 Heated Shot
62:31 Heavy Rocket Cart
Gúthwinë
5:19 Loom
12:07 Feudal Age
12:36 Double-Bit Axe
14:33 Fletching
21:17 Castle Age
19:17 Fishing Lines
22:15 Bow Saw
22:15 Horse Collar
23:10 Bodkin Arrow
27:01 Padded Archer Armor
27:59 Gillnets
27:37 Elite Skirmisher
33:34 Ballistics
34:02 Thumb Ring
34:54 Leather Archer Armor
35:21 Wheelbarrow
35:32 Gold Mining
39:00 Imperial Age
40:06 Heavy Plow
41:57 Two-Man Saw
41:00 Bracer
42:08 Chemistry
42:33 Conscription
42:55 Ring Archer Armor
44:34 Hand Cart
45:52 Scale Mail Armor
45:59 Squires
47:18 Chain Mail Armor
46:51 Arson
47:48 Elite Urumi Swordsman
49:22 Plate Mail Armor
49:05 Forging
50:49 Iron Casting
50:03 Gambesons
49:41 Man-at-Arms
49:43 Pikeman
51:41 Wootz Steel
50:50 Long Swordsman
51:20 Halberdier
52:18 Two-Handed Swordsman
52:58 Champion
54:43 Blast Furnace
54:29 Bombard Tower
58:11 Siege Elephant
Barto
3:51 Loom
12:00 Feudal Age
17:02 Castle Age
16:17 Double-Bit Axe
16:12 Horse Collar
23:40 Gold Mining
28:15 Town Watch
35:05 Imperial Age
34:04 Sanctity
38:16 Fletching
46:15 Conscription
49:17 Wheelbarrow
48:44 Stone Mining
49:44 Heavy Plow
58:29 Chemistry
peglegstripper
5:08 Loom
14:28 Feudal Age
18:33 Castle Age
18:12 Double-Bit Axe
19:25 Horse Collar
24:32 Horse Collar
32:28 Wheelbarrow
38:10 Medium Warships
45:01 Fletching
46:01 Bodkin Arrow
47:04 Padded Archer Armor
48:50 Ballistics
49:16 Bow Saw
48:59 Gold Mining
54:42 Imperial Age
53:48 Leather Archer Armor
55:49 Conscription
57:42 Chemistry
59:18 Elite Bolas Rider
EastCoastPhenom
4:53 Loom
13:05 Feudal Age
17:22 Castle Age
15:53 Double-Bit Axe
16:42 Fletching
16:39 Horse Collar
19:19 Bodkin Arrow
24:26 Ballistics
26:41 Wheelbarrow
37:35 Bow Saw
41:30 Padded Archer Armor
44:59 Imperial Age
44:27 Heavy Plow
43:49 Pikeman
44:44 Scale Mail Armor
45:50 Chain Mail Armor
45:39 Squires
47:08 Two-Man Saw
45:40 Halberdier
47:13 Conscription
48:10 Plate Mail Armor
47:51 Forging
47:12 Capped Ram
48:55 Siege Ram
51:03 Iron Casting
51:58 Hand Cart
52:20 Town Watch
52:10 Elite Ibirapema Warrior
59:25 Gold Mining
61:53 Bracer
62:08 Leather Archer Armor
62:56 Chemistry
64:16 Curare
65:55 Ring Archer Armor
Lechugamer
5:07 Loom
12:44 Feudal Age
17:18 Castle Age
20:41 Fletching
20:50 Horse Collar
22:16 Bodkin Arrow
27:11 Padded Archer Armor
28:13 Leather Archer Armor
27:52 Demolition Ship
29:20 Double-Bit Axe
32:45 Thumb Ring
33:05 Ballistics
39:34 Imperial Age
40:23 Elite Genoese Crossbowman
42:27 Chemistry
42:39 Wheelbarrow
42:16 Bow Saw
41:57 Gold Mining
42:08 Heavy Plow
43:31 Conscription
43:48 Hoardings
45:59 Bracer
46:30 Ring Archer Armor
46:16 Masonry
47:07 Hand Cart
47:54 Two-Man Saw
47:26 Crop Rotation
56:32 Pirotechnia
Connection lost

Rejoining the realm…

Still unreachable

The connection could not be restored.

Session expired

The server has moved on; the page needs a fresh start.